 Dungeon Sprint DCSS version 0.21.1-1-g345015f (webtiles) character file.

651 Fang the Fighter (level 7, -11/78 HPs)
             Began as a Gargoyle Berserker on May 25, 2018.
             Was a High Priest of Trog.
             Mangled by a death cob (22 damage)
             ... in the Dungeon (Sprint V: "Ziggurat Sprint").
             The game lasted 00:01:37 (435 turns).

Fang the Fighter (Gargoyle Berserker)                Turns: 435, Time: 00:01:38

Health: -11/78     AC: 12    Str: 43    XL:     7   Next: 53%
Magic:  7/7        EV: 14    Int: 19    God:    Trog [*****.]
Gold:   0          SH:  0    Dex: 13    Spells: 6/6 levels left

rFire    . . .     SeeInvis .   D - +8 war axe of Hepliaklqana's Envy {holy, *Drain Str+6 Int+7}
rCold    . . .     Gourm    .   (no shield)
rNeg     + . .     Faith    .   a - +4 robe of Augmentation {Str+4 Int+4 Dex+4}
rPois    ∞         Spirit   .   (no helmet)
rElec    +         Reflect  .   (no cloak)
rCorr    .         Harm     .   b - +0 pair of gloves {archery}
MR       .....     NoTele   +   (no boots)
Stlth    ..........             (no amulet)
HPRegen  0.23/turn              G - ring of flight
MPRegen  0.10/turn              F - +6 ring of strength

@: berserking, slowed
A: negative energy resistance 1, electricity resistance, unbreathing,
petrification resistance, rot immunity, AC +4
a: Berserk, Trog's Hand, Brothers in Arms, Burn Spellbooks, Renounce Religion,
Evoke Flight


You were in the Dungeon.
You worshipped Trog.
Trog was extremely pleased with you.
You were near starving.

You visited 1 branch

Inventory:

Hand Weapons
 D - the +8 war axe of Hepliaklqana's Envy (weapon) {holy, *Drain Str+6 Int+7}
   (You acquired it in the Dungeon)

   It has been blessed by the Shining One to cause great damage to the undead
   and demons.
   It affects your strength (+6).
   It affects your intelligence (+7).
   It causes draining when unequipped.
Armour
 a - the +4 robe of Augmentation (worn) {Str+4 Int+4 Dex+4}
   (You found it in the Dungeon)

   It affects your strength (+4).
   It affects your intelligence (+4).
   It affects your dexterity (+4).
 b - a +0 pair of gloves of archery (worn)
Jewellery
 A - an uncursed ring of positive energy
 B - the ring "Hish" {Ice SInv}
   (You found it in the Dungeon)

   [ring of ice]

   It enhances your ice magic.
   It makes you vulnerable to fire.
   It protects you from cold.
   It lets you see invisible.
 F - a +6 ring of strength (right hand)
 G - a ring of flight (left hand)
Wands
 j - a wand of random effects (30)
 x - a wand of disintegration (7)
 y - a wand of iceblast (7)
 z - a wand of acid (7)
 C - a wand of polymorph (8)
Scrolls
 i - 4 scrolls of blinking
 m - 7 scrolls of fog
 n - a scroll of holy word
 o - 5 scrolls of identify
 p - 5 scrolls of remove curse
 q - 2 scrolls of fear
Potions
 d - 10 potions of curing
 e - 10 potions of heal wounds
 f - 6 potions of haste
 g - 7 potions of magic
 h - 3 potions of berserk rage
 r - 2 potions of brilliance
 s - 2 potions of invisibility
 t - 4 potions of resistance
 u - a potion of experience
 v - 5 potions of agility
 w - 5 potions of might
Comestibles
 c - 7 rations


   Skills:
 + Level 10.1 Fighting
 + Level 8.0(9.3) Axes
   Level 7.1(8.8) Polearms
 + Level 5.5 Armour
 + Level 4.4 Dodging


You had 6 spell levels left.
You didn't know any spells.

Dungeon Overview and Level Annotations

Branches:
Dungeon (1/1)

Altars:
Ashenzari
Cheibriados
Dithmenos
Elyvilon
Fedhas
Gozag
Hepliaklqana
Kikubaaqudgha
Makhleb
Nemelex Xobeh
Okawaru
Qazlal
Ru
Sif Muna
Trog
Uskayaw
Vehumet
Wu Jian
Xom
Yredelemnul
Zin
The Shining One
Beogh
Jiyva
Lugonu

Annotations:
D 1 transporter


Innate Abilities, Weirdness & Mutations

You are resistant to torment.
Your stone body is resilient. (AC +4)
You are immune to poison.
You resist negative energy. (rN+)
You are resistant to electric shocks. (rElec)
You can survive without breathing.
You are immune to petrification.
You are immune to rotting.


Message History

Found five items.
Found a transporter.
A red film seems to cover your vision as you go berserk!
You feel yourself moving faster!
You feel mighty!
You are near starving!
The death cob hits you! The death cob drains your vigour!
You feel yourself slow down.
Unknown command.
You closely miss the death cob. The death cob barely misses you.
The death cob hits you!! The death cob drains your vigour!
You feel as though you will be slow longer.
The death cob hits you!!
Unknown command.
You are too injured to fight recklessly!
Unknown command.
You are too injured to fight recklessly!
Unknown command.
You miss the death cob. The death cob hits you! x2
* * * LOW HITPOINT WARNING * * *
The death cob hits you!!
You die...

▓..©..▓..©..▓▓▓▓▓▓▓
▓▓▓▓▓▓▓▓▓▓▓▓▓▓▓▓▓▓▓
▓..8©8...▓..8©8...▓
▓..))|...▓..:)"...▓
▓........▓..[.|...▓
▓........▓....d...▓
▓........▓..dd....▓
▓.▓.†..▓.▓.▓dz..▓.▓
▓...©....▓...@....▓
▓▓▓▓▓▓▓▓▓▓▓▓▓▓▓▓▓▓▓


You could see a green draconian, a death cob and 3 draconians.

Vanquished Creatures
  Sigmund (D)
  A phantom (D)
  3 necrophages (D)
  Blork the orc (D)
  Crazy Yiuf (D)
  An iron imp (D)
  Jessica (D)
  An adder skeleton (D)
  A bat skeleton (D)
  A ball python zombie (D)
  A jackal skeleton (D)
13 creatures vanquished.

Notes
Turn   | Place    | Note
-------+----------+-------------------------------------------
     0 | D        | Found the +6 Majin-Bo {vamp, Archmagi MP+6 Int+6}
     0 | D        | Found the +7 great mace "Firestarter" {inner flame, rF++}
     0 | D        | Fang the Gargoyle Berserker began the quest for the Orb.
     0 | D        | Reached XP level 1. HP: 14/14 MP: 1/1
     5 | D        | Found a blossoming altar of Fedhas.
     6 | D        | Found a viscous altar of Jiyva.
     6 | D        | Found a hazy altar of Hepliaklqana.
     6 | D        | Found a transporter.
     6 | D        | Found an opulent altar of Gozag.
     6 | D        | Found an ancient bone altar of Kikubaaqudgha.
     6 | D        | Found a corrupted altar of Lugonu.
    14 | D        | Found a burning altar of Makhleb.
    15 | D        | Found a stormy altar of Qazlal.
    15 | D        | Found a sacrificial altar of Ru.
    15 | D        | Found an iron altar of Okawaru.
    15 | D        | Found a deep blue altar of Sif Muna.
    15 | D        | Found a sparkling altar of Nemelex Xobeh.
    15 | D        | Found a bloodstained altar of Trog.
    79 | D        | Entered arena 2.
    79 | D        | Noticed an iron imp
    79 | D        | Found a transporter.
    80 | D        | Found the +4 robe of Augmentation {Str+4 Int+4 Dex+4}
    86 | D        | Killed an iron imp
    86 | D        | Reached ** piety under Trog
    86 | D        | Reached skill level 5 in Fighting
    86 | D        | Reached skill level 1 in Polearms
    86 | D        | Reached XP level 2. HP: 21/21 MP: 2/2
    86 | D        | Reached XP level 3. HP: 26/26 MP: 3/3
   134 | D        | Entered arena 3.
   134 | D        | Noticed a necrophage
   134 | D        | Found a transporter.
   142 | D        | Killed a necrophage
   142 | D        | Reached skill level 6 in Fighting
   142 | D        | Reached skill level 5 in Axes
   142 | D        | Reached XP level 4. HP: 32/32 MP: 4/4
   180 | D        | Entered arena 4.
   180 | D        | Noticed Sigmund
   180 | D        | Noticed Jessica
   180 | D        | Noticed Blork the orc
   180 | D        | Noticed Crazy Yiuf
   180 | D        | Found a transporter.
   183 | D        | Killed Crazy Yiuf
   183 | D        | Reached *** piety under Trog
   183 | D        | Reached skill level 7 in Fighting
   183 | D        | Reached XP level 5. HP: 38/38 MP: 5/5
   184 | D        | Killed Jessica
   188 | D        | Killed Blork the orc
   188 | D        | Reached skill level 8 in Fighting
   188 | D        | Reached XP level 6. HP: 44/44 MP: 6/6
   191 | D        | Killed Sigmund
   191 | D        | Reached **** piety under Trog
   191 | D        | Reached skill level 9 in Fighting
   191 | D        | Reached skill level 5 in Polearms
   191 | D        | Reached skill level 5 in Armour
   203 | D        | Got the ring "Hish" {Ice SInv}
   309 | D        | Entered arena 5.
   309 | D        | Noticed a phantom
   309 | D        | Noticed a necrophage
   309 | D        | Noticed a necrophage
   309 | D        | Found a transporter.
   315 | D        | Killed a necrophage
   315 | D        | Reached XP level 7. HP: 51/51 MP: 7/7
   322 | D        | Reached ***** piety under Trog
   322 | D        | Reached skill level 10 in Fighting
   339 | D        | Got a transparent war axe
   340 | D        | Identified the +8 war axe of Hepliaklqana's Envy {holy, *Drain Str+6 Int+7} (You acquired it in the Dungeon)
   432 | D        | Entered arena 6.
   432 | D        | Noticed a green draconian
   432 | D        | Noticed a draconian
   432 | D        | Noticed a draconian
   432 | D        | Noticed a draconian
   432 | D        | Noticed a death cob
   432 | D        | Found a transporter.
   435 | D        | Mangled by a death cob

Skill      XL: |  1  2  3  4  5  6  7 |
---------------+----------------------+-----
Fighting       | 5 6 7 8 9 10 | 10.1
Axes           | 4 5 6 7 8 |  8.0
Polearms       | 1 2 3 4 6 7 |  7.1
Armour         | 3 4 5 |  5.5
Dodging        | 2 3 4 |  4.4

Action                   |  1- 3 |  4- 6 |  7- 9 || total
-------------------------+-------+-------+-------++-------
Melee: Demon trident     |    11 |    16 |     9 ||    36
       War axe           |       |       |     2 ||     2
Invok: Berserk           |     2 |     2 |     1 ||     5
  Use: Scroll            |       |       |     1 ||     1
  Eat: Chunk             |       |     1 |       ||     1
Armor: Shadow dragon sca |     4 |       |       ||     4
       Robe              |     9 |     5 |     3 ||    17
Dodge: Dodged            |     8 |     4 |     8 ||    20
